 Dungeon Crawl Stone Soup version 0.31-a0-851-g7ff8af7976 (webtiles) character file.

Game seed: 11660362981087924738

54 Descartes the Sneak (level 3, -1/18 HPs)
             Began as a Spriggan Wanderer on Oct 6, 2023.
             Slain by a goblin
             ... wielding a +0 club
             ... led by Robin
              (5 damage)
             ... on level 2 of the Dungeon.
             The game lasted 00:02:36 (1044 turns).

Descartes the Sneak (Spriggan Wanderer)             Turns: 1044, Time: 00:02:37

Health: -1/18      AC:  2    Str:  9    XL:     3   Next: 66%
Magic:  6/6        EV: 17    Int:  9    God:
Gold:   52         SH:  0    Dex: 19    Spells: 4/4 levels left

rFire   . . .        a - +2 dagger
rCold   . . .        (no shield)
rNeg    . . .        e - +0 robe
rPois   .            c - +0 hat
rElec   .            (no cloak)
rCorr   .            (gloves unavailable)
SInv    +            (boots unavailable)
Will    .....        (no amulet)
Stlth   +++          (no ring)
HPRegen 0.23/turn    (no ring)
MPRegen 0.10/turn

%: no passive effects
@: very quick
A: very small, no large weapons, unfitting armour, see invisible, speed 3
a: no special abilities


You were on level 2 of the Dungeon.
You visited 1 branch of the dungeon, and saw 2 of its levels.

You collected 52 gold pieces.

Inventory:

Hand Weapons
 a - a +2 dagger (weapon)
Missiles
 b - a curare-tipped dart (quivered)
Armour
 c - a +0 hat (worn)
 e - a +0 robe (worn)
Scrolls
 f - a scroll of fog {unknown}
 g - a scroll of amnesia {unknown}
 h - a scroll of summoning {unknown}
 i - a scroll of teleportation {unknown}
 j - 2 scrolls of identify {unknown}
 k - a scroll of revelation {unknown}
Potions
 d - a potion of brilliance
 l - a potion of mutation {unknown}


   Skills:
 - Level 1.0 Fighting
 + Level 2.5 Short Blades
 - Level 2.0 Throwing
 - Level 2.6 Dodging
 + Level 5.0 Stealth
 - Level 1.3 Spellcasting
 - Level 1.2 Hexes
 - Level 1.0 Invocations


You had 4 spell levels left.
You didn't know any spells.
Your spell library contained the following spells:

 Spells                   Type           Power      Damage    Failure   Level
 Jinxbite                 Hex            4%         N/A       32%         2
 Ensorcelled Hibernation  Hex/Ice        2%         N/A       38%         2


Dungeon Overview and Level Annotations

Branches:
Dungeon (2/15)

Altars:

Shops:
D:1 ?

Annotations:
D:2 Robin


Innate Abilities, Weirdness & Mutations

You are very small and have problems with some larger weapons.
You are too small for most types of armour.
You have supernaturally acute eyesight. (SInv)
You cover ground extremely quickly. (Speed+++)


Message History

A hobgoblin comes into view.
The goblin shouts!
The hobgoblin shouts!
A goblin comes into view. It is wielding a +0 dagger.
You enter the shallow water.
Moving in this stuff is going to be slow.
Robin shouts!
The goblin shouts!
You hit the goblin but do no damage. The goblin barely misses you.
You hit Robin but do no damage. The hobgoblin hits you.
The goblin barely misses you. Robin misses you. The goblin misses you.
You hit Robin but do no damage. You closely miss Robin.
Robin hits you with a +0 whip. The hobgoblin misses you.
The goblin hits you with a +0 dagger. The goblin hits you with a +0 club.
You hit Robin but do no damage.
Robin roars a battlecry!
The goblins go into a battle-frenzy!
The hobgoblin closely misses you. The goblin misses you.
You hear a shout!
You hit Robin.
Robin is lightly wounded.
The goblin hits you with a +0 club. Robin hits you but does no damage.
The hobgoblin hits you.
* * * LOW HITPOINT WARNING * * *
The goblin completely misses you.
You are too injured to fight recklessly!
You are too injured to fight recklessly!
You are too injured to fight recklessly!
You are too injured to fight recklessly!
You are too injured to fight recklessly!
You are too injured to fight recklessly!
You are too injured to fight recklessly!
You are too injured to fight recklessly!
You are too injured to fight recklessly!
You are too injured to fight recklessly!
Unknown command.
Robin throws the goblin at you!
* * * LOW HITPOINT WARNING * * *
The goblin attacks as it pursues you! The goblin closely misses you.
The goblin hits you with a +0 club.
You die...

#######
######.....##
#...........#
#.......~.~.#
#........⌠.g#####
#.......~~~@g...#
#######...g.....#
##..gg....#
##.......#
#.........
#.......#.#
#.....[.# #
#.......#
######.g#


You could see Robin, a hobgoblin (strong) and 3 goblins.

Vanquished Creatures
  3 dart slugs (D:1)
  2 ball pythons
  5 endoplasms
  3 giant cockroaches (D:1)
  6 goblins
  3 hobgoblins
  3 jackals (D:1)
  A quokka (D:2)
  4 bats (D:1)
  3 frilled lizards
  4 kobolds
  7 rats
44 creatures vanquished.

Notes
Turn   | Place    | Note
-------+----------+-------------------------------------------
     0 | D:1      | Descartes the Spriggan Wanderer began the quest for the
                  | Orb.
     0 | D:1      | Descartes set off with the following items: a +2 dagger, a
                  | curare-tipped dart, a +0 hat, a potion of brilliance, a +0
                  | robe; and the following spells available to memorise:
                  | Jinxbite, Ensorcelled Hibernation.
     0 | D:1      | Reached XP level 1. HP: 10/10 MP: 3/3
   107 | D:1      | Reached skill level 1 in Short Blades
   131 | D:1      | Reached XP level 2. HP: 13/14 MP: 5/5
   131 | D:1      | Found Woplyunk's Magic Scroll Shop.
   223 | D:1      | Reached skill level 4 in Stealth
   427 | D:1      | Reached XP level 3. HP: 10/18 MP: 6/6
   973 | D:2      | Noticed Robin
   982 | D:2      | Reached skill level 5 in Stealth
  1044 | D:2      | Slain by a goblin

Illustrated notes

Levels and vault maps discovered:
D:1:      dreamdust_arrival_beginning_and_end, layout_basic, serial_shops, shop
D:2:      layout_basic, minmay_misc_feat_pillars, grunt_decor_fettered,
          corexii_leaking_fountain, uniq_terence, uniq_natasha, uniq_robin

Skill      XL: |  1  2  3 |
---------------+----------+-----
Short Blades   | 1 2 |  2.5
Stealth        | 4 5 |  5.0
Fighting       | |  1.0
Throwing       | |  2.0
Dodging        | |  2.6
Spellcasting   | |  1.3
Hexes          | |  1.2
Invocations    | |  1.0

Action                     || total
---------------------------++-------
  Melee: Dagger            ||   128
   Stab: Sleeping          ||    10
 Armour: Robe              ||    48
  Dodge: Dodged            ||   117

Table legend: (Time is in decaauts)
 A = Elapsed time spent in this place.
 B = Non-inter-level travel time spent in this place.
 C = Inter-level travel time spent in this place.
 D = Time resting spent in this place.
 E = Time spent auto-exploring this place.
 F = Levels seen in this place.
 G = Mean time per level.
                   A        B        C        D        E       F      G
               +--------+--------+--------+--------+--------+-----+--------+
         Total |    743 |    736 |      7 |      0 |    494 |   2 |  371.5 |
       Dungeon |    743 |    736 |      7 |      0 |    494 |   2 |  371.5 |
               +--------+--------+--------+--------+--------+-----+--------+

Top non-repeatable levels by time:
     D:1: 561 daAuts
     D:2: 182 daAuts
